 Dungeon Crawl Stone Soup version 0.31-a0-765-g67fe2935dc (webtiles) character file.

Game seed: 15278180611101321271

10087 Fodor the Basher (level 11, -5/95 (97) HPs)
             Began as a Minotaur Fighter on Sept 13, 2023.
             Was an Initiate of Gozag.
             Slain by a chaos spawn (8 damage)
             ... on level 10 of the Dungeon on Sept 15, 2023.
             The game lasted 00:57:18 (8310 turns).

Fodor the Basher (Minotaur Fighter)                 Turns: 8310, Time: 00:57:23

HP:   -5/95 (97)    AC:  5    Str: 23    XL:     11   Next: 31%
MP:   10/10         EV:  9    Int: 11    God:    Gozag
Gold: 1095          SH:  0    Dex: 16    Spells: 10/10 levels left

rFire   + . .        v - +9 whip of the Horn {elec, Fragile Will++ Int+4}
rCold   + . .        (no shield)
rNeg    . . .        V - +1 plate armour
rPois   .            (helmet restricted)
rElec   .            w - scarf {rC+ rF+}
rCorr   .            (no gloves)
SInv    .            G - +0 pair of boots
Will    ++...        M - amulet of regeneration Stlth
                     i - +6 ring of dexterity
HPRegen 1.15/turn    (no ring)
MPRegen 0.12/turn

%: no passive effects
@: corroded, gold aura, lightly drained
A: horns 2, retaliatory headbutt
a: Renounce Religion, Potion Petition, Call Merchant, Bribe Branch


You were on level 10 of the Dungeon.
You worshipped Gozag.
Gozag was most pleased with you.
You visited 2 branches of the dungeon, and saw 11 of its levels.
You also visited: Ossuary.

You collected 1304 gold pieces.
You spent 103 gold pieces at shops.
You paid 106 gold pieces to Gozag.

Inventory:

Hand Weapons
 c - a +4 great sword
 v - the +9 whip of the Horn (weapon) {elec, Fragile Will++ Int+4}
   (You found it on level 2 of the Dungeon)

   Int+4:     It affects your intelligence (+4).
   Will++:    It greatly increases your willpower.
   Fragile:   It will be destroyed if unequipped.
 y - a +0 shortbow of flaming
 B - the +6 mace of an ossuary {heavy, Int+4}
   (You found it on level 4 of the Dungeon)

   Int+4:     It affects your intelligence (+4).
 D - a +2 heavy flail
Missiles
 b - 15 poisoned darts
 l - 4 javelins (quivered)
 u - 15 boomerangs
 X - 7 throwing nets
Armour
 w - a scarf of resistance (worn)
 x - a +1 cloak
 G - a +0 pair of boots (worn)
 V - a +1 plate armour (worn)
 W - an orb of mayhem
 Z - a +0 kite shield
Jewellery
 a - a ring of magical power
 g - a +6 ring of intelligence
 i - a +6 ring of dexterity (left hand)
 H - a ring of wizardry
 M - an amulet of regeneration (around neck)
 N - a ring of see invisible
 U - a ring of poison resistance
 Y - a ring of resist corrosion
Talismans
 h - a beast talisman
Wands
 m - a wand of flame (51)
 z - a wand of polymorph (25)
 Q - a wand of mindburst (13)
Scrolls
 j - 4 scrolls of amnesia
 n - 2 scrolls of torment {unknown}
 p - 3 scrolls of fear
 t - a scroll of immolation
 F - a scroll of brand weapon
 I - 4 scrolls of teleportation {unknown}
 J - 4 scrolls of poison
 O - a scroll of blinking
 S - 2 scrolls of enchant weapon {unknown}
 T - 2 scrolls of fog {unknown}
Potions
 d - 6 potions of might
 f - 3 potions of degeneration {unknown}
 k - 5 potions of haste
 o - a potion of ambrosia {unknown}
 q - a potion of invisibility {unknown}
 r - 4 potions of brilliance
 s - 4 potions of attraction {unknown}
 A - a potion of resistance {unknown}
 C - 2 potions of enlightenment {unknown}
 E - a potion of berserk rage {unknown}
 K - a potion of lignification {unknown}
 L - a potion of cancellation {unknown}
 P - 2 potions of heal wounds {unknown}


   Skills:
 + Level 9.6 Fighting
 + Level 5.6 Long Blades
 + Level 12.1 Maces & Flails
 + Level 1.4 Throwing
 + Level 11.2 Armour
 + Level 4.4 Dodging
 + Level 2.7 Stealth
 + Level 7.8 Shields


You had 10 spell levels left.
You didn't know any spells.
Your spell library contained the following spells:

 Spells                   Type           Power      Damage    Failure   Level
 Kiss of Death            Conj/Necr      0%         2d5       99%         1
 Confusing Touch          Hex            0%         N/A       100%        3
 Dispel Undead            Necr           0%         3d6       100%        4
 Ozocubu's Refrigeration  Ice            0%         4d7       100%        7
 Polar Vortex             Ice            0%         N/A       100%        9
 Simulacrum               Ice/Necr       Unusable   N/A       N/A         6

Dungeon Overview and Level Annotations

Branches:
Dungeon (10/15)            Temple (1/1) D:6         Ossuary (visited)
   Lair: D:8-11         Orc: D:9-12

Altars:
Ashenzari
Cheibriados
Dithmenos
Elyvilon
Fedhas
Gozag
Hepliaklqana
Kikubaaqudgha
Makhleb
Nemelex Xobeh
Okawaru
Qazlal
Ru
Sif Muna
Trog
Uskayaw
Vehumet
Wu Jian
Xom
Yredelemnul
Zin
The Shining One

Shops:
D:7 (

Annotations:
D:4 3 runed translucent doors, DocEon's ghost, amateur DrSh
Temple 4 transporters


Innate Abilities, Weirdness & Mutations

You have a pair of horns on your head.
You reflexively headbutt those who attack you in melee.


Message History

You kill the smoke demon!
You feel sick. The chaos spawn gores you!
* * * LOW HITPOINT WARNING * * *
You are lethally poisoned!
The chaos spawn poisons you!
You feel better.
The chaos spawn is distracted by your dazzling golden aura.
The chaos spawn closely misses you.
You feel better.
The chaos spawn hits you but does no damage.
The chaos spawn gores you. The chaos spawn freezes you. You resist.
Things that are here:
27 gold pieces; a +0 giant club; a +0 giant spiked club You hit the chaos spawn but do no damage.
The chaos spawn is no longer distracted by gold.
The chaos spawn hits you!
* * * LOW HITPOINT WARNING * * *
You feel drained.
You hit the chaos spawn but do no damage.
The chaos spawn barely misses you.
You hit the chaos spawn.
The chaos spawn is lightly wounded.
The chaos spawn closely misses you.
You closely miss the chaos spawn.
The chaos spawn is lightly wounded.
The chaos spawn hits you.
* * * LOW HITPOINT WARNING * * *
You are engulfed in flames.
You resist.
* * * LOW HITPOINT WARNING * * *
You closely miss the chaos spawn. Your headbutt misses the chaos spawn.
The chaos spawn is lightly wounded.
The chaos spawn hits you!
* * * LOW HITPOINT WARNING * * *
You whack the chaos spawn!
The chaos spawn is moderately wounded.
The chaos spawn gores you.
* * * LOW HITPOINT WARNING * * *
The chaos spawn shocks you!
You die...
Your body crumbles into a pile of gold.

#.# ###.#
####...#
#....###
##'#########
#..........#
#..........#
#.....4....+
#....4@....#
#####'######
#.# #.3..#
##.§.4..#
#..34..
..∩..#
!....# ....#


You could see 2 chaos spawn.

Vanquished Creatures
  Harold (D:9)
  A two-headed ogre (D:10)
  Amaemon (D:8)
  Pikel (D:9)
  Maurice (D:8)
  A smoke demon (D:10)
  A rust devil (D:10)
  Jeremiah (D:9)
  An orange demon (D:8)
  2 trolls (D:9)
  2 hornets
  A wyvern (D:7)
  5 yaks (D:8)
  2 steam dragons
  A water moccasin (D:6)
  3 orc warriors
  A black bear (D:5)
  3 ice beasts
  2 ogres (D:5)
  4 centaurs
  2 lemures (D:9)
  2 kobold brigands
  10 scorpions
  A gnoll sergeant (D:9)
  11 wights
  9 killer bees
  2 centaur zombies (Ossuary)
  6 orc priests
  5 hounds
  A gnoll bouda (D:4)
  2 human zombies (Ossuary)
  3 jellies
  2 iguanas
  3 scorpion zombies (Ossuary)
  Ijyb (D:3)
  Natasha (twice) (D:3)
  8 orc wizards
  3 mummies (Ossuary)
  Robin (D:3)
  13 adders
  16 gnolls
  4 white imps
  5 worms
  6 dart slugs
  31 orcs
  6 ball pythons
  4 bats
  9 endoplasms
  3 giant cockroaches
  12 goblins
  11 hobgoblins
  9 jackals
  18 kobolds
  5 quokkas
  4 frilled lizards
  3 goblin zombies (Ossuary)
  3 kobold zombies (Ossuary)
  2 orc zombies (Ossuary)
  9 rats (D:1)
282 creatures vanquished.

Notes
Turn   | Place    | Note
-------+----------+-------------------------------------------
     0 | D:1      | Fodor the Minotaur Fighter began the quest for the Orb.
     0 | D:1      | Reached XP level 1. HP: 19/19 MP: 0/0
   145 | D:1      | Reached XP level 2. HP: 27/27 MP: 1/1
   503 | D:1      | Reached XP level 3. HP: 22/33 MP: 2/2
  1169 | D:2      | Reached XP level 4. HP: 38/40 MP: 3/3
  1309 | D:2      | Upgraded the game from 0.31-a0-744-gbc345e7fcb to
                  | 0.31-a0-750-gfe7b580527
  1383 | D:2      | Found a faded altar of an unknown god.
  1787 | D:2      | Identified the +9 whip of the Horn {elec, Fragile Will++
                  | Int+4}
  2026 | D:3      | Identified the +0 ring mail of the Ditch-Digger {rPois
                  | rCorr Int+3 Dex-2}
  2063 | D:3      | Noticed Ijyb
  2063 | D:3      | Noticed Robin
  2078 | D:3      | Killed Ijyb
  2079 | D:3      | Reached XP level 5. HP: 37/45 MP: 4/4
  2088 | D:3      | Killed Robin
  2374 | D:3      | Noticed Natasha
  2381 | D:3      | Killed Natasha
  2476 | D:3      | Reached skill level 5 in Long Blades
  2503 | D:3      | Noticed Natasha
  2508 | D:3      | Killed Natasha
  2529 | D:3      | Reached skill level 1 in Maces & Flails
  2529 | D:3      | Reached skill level 1 in Dodging
  2529 | D:3      | Reached XP level 6. HP: 50/55 MP: 5/5
  2536 | D:3      | Reached skill level 5 in Fighting
  2671 | D:4      | Identified the +6 mace of an ossuary {heavy, Int+4}
  2685 | D:4      | Found a runed translucent gate.
  2686 | D:4      | Found a runed translucent gate.
  2687 | D:4      | Found a runed translucent gate.
  2687 | D:4      | Noticed DocEon's ghost (amateur DrSh)
  2713 | D:4      | Reached skill level 2 in Maces & Flails
  2851 | D:4      | Reached skill level 3 in Maces & Flails
  3076 | D:4      | Reached XP level 7. HP: 57/61 MP: 6/6
  3151 | D:4      | Reached skill level 4 in Maces & Flails
  3327 | D:4      | Reached skill level 5 in Armour
  3482 | D:5      | Entered Level 5 of the Dungeon
  3546 | D:5      | Reached skill level 5 in Shields
  3556 | D:5      | Found a burning altar of Makhleb.
  3660 | D:5      | Found a sand-covered staircase.
  3669 | Ossuary  | Entered an ossuary
  3705 | Ossuary  | Reached XP level 8. HP: 55/70 MP: 7/7
  3742 | Ossuary  | Reached skill level 5 in Maces & Flails
  3861 | Ossuary  | Reached skill level 6 in Maces & Flails
  4063 | D:5      | Found a hazy altar of Hepliaklqana.
  4146 | D:5      | Reached skill level 7 in Maces & Flails
  4236 | D:5      | Reached XP level 9. HP: 78/79 MP: 8/8
  4368 | D:5      | Found a sacrificial altar of Ru.
  4623 | D:6      | Found a staircase to the Ecumenical Temple.
  4642 | Temple   | Found a transporter.
  4642 | Temple   | Found a transporter.
  4642 | Temple   | Found a transporter.
  4642 | Temple   | Found a transporter.
  4642 | Temple   | Entered the Ecumenical Temple
  4660 | Temple   | Became a worshipper of Gozag Ym Sagoz the Greedy
  4755 | D:6      | Reached skill level 8 in Maces & Flails
  5063 | D:6      | Reached skill level 9 in Maces & Flails
  5206 | D:7      | Found Lizxohie's Weapon Shop.
  5231 | D:7      | Bought a +0 shortbow of flaming for 103 gold pieces
  5506 | D:7      | Paralysed by a hornet for 3 turns
  5516 | D:7      | Reached skill level 1 in Stealth
  6658 | D:8      | Reached skill level 10 in Maces & Flails
  6658 | D:8      | Reached XP level 10. HP: 73/88 MP: 9/9
  7109 | D:8      | Noticed Amaemon
  7109 | D:8      | Noticed an orange demon
  7116 | D:8      | Killed an orange demon
  7123 | D:8      | Killed Amaemon
  7328 | D:8      | Noticed Maurice
  7337 | D:8      | Killed Maurice
  7338 | D:8      | Reached skill level 11 in Maces & Flails
  7427 | D:9      | Noticed Jeremiah
  7445 | D:9      | Noticed Pikel
  7465 | D:9      | Killed Pikel
  7466 | D:9      | Reached skill level 10 in Armour
  7506 | D:9      | Killed Jeremiah
  7631 | D:9      | Paralysed by a hornet for 3 turns
  7642 | D:9      | Paralysed by a hornet for 2 turns
  7651 | D:9      | Paralysed by a hornet for 3 turns
  7740 | D:9      | Reached skill level 1 in Throwing
  7758 | D:9      | Reached XP level 11. HP: 87/93 MP: 10/10
  7949 | D:9      | Noticed Harold
  7956 | D:9      | Killed Harold
  8206 | D:9      | Upgraded the game from 0.31-a0-750-gfe7b580527 to
                  | 0.31-a0-765-g67fe2935dc
  8237 | D:10     | Entered Level 10 of the Dungeon
  8270 | D:10     | Noticed a two-headed ogre
  8282 | D:10     | Killed a two-headed ogre
  8283 | D:10     | Reached skill level 12 in Maces & Flails
  8310 | D:10     | HP: 3/95 [chaos spawn (6)]
  8310 | D:10     | Slain by a chaos spawn

Illustrated notes

Levels and vault maps discovered:
D:1:      dpeg_arrival_ratfight, layout_loops_ring
D:2:      kennysheep_big_flooded_room, layout_basic,
          shapermc_ecumenical_altar_acropolis
D:3:      layout_basic, nicolae_goblin_pals, uniq_natasha
D:4:      layout_cave_pools, biasface_ghost_orc_armoury
D:5:      layout_rooms, mainiacjoe_overflow_alcove_2,
          mainiacjoe_overflow_brackets, nicolae_overflow_crystal_walls,
          enter_ossuary_3
D:6:      layout_basic, minmay_temple_entry_stoned_glass, supply_closet_lemuel,
          kennysheep_pointless_box
D:7:      layout_layer_cave, serial_shops, shop_coins, nicolae_zen_rock_garden
D:8:      layout_loops_ring, hangedman_abyss_or_decor_lesser_grid, uniq_maurice,
          uniq_amaemon
D:9:      layout_rooms, minmay_hedge_maze, uniq_harold, uniq_jeremiah,
          uniq_pikel
D:10:     layout_roguey, serial_demonic, serial_demonic_g, serial_demonic_c,
          serial_demonic_g, serial_demonic_d, serial_demonic_d, enter_bailey_8,
          kennysheep_generic_room_7
Temple:   hellmonk_temple_divided_pantheon

Skill      XL: |  1  2  3  4  5  6  7  8  9 10 11 |
---------------+----------------------------------+-----
Armour         | 4 5 7 8 10 11 | 11.2
Fighting       | 4 5 7 9 |  9.6
Shields        | 4 5 6 7 |  7.8
Long Blades    | 3 4 5 |  5.6
Maces & Flails | 1 3 4 7 10 11 12 | 12.1
Dodging        | 1 2 3 4 |  4.4
Stealth        | 1 2 |  2.7
Throwing       | 1 |  1.4

Action                     |  1- 3 |  4- 6 |  7- 9 | 10-12 || total
---------------------------+-------+-------+-------+-------++-------
  Melee: Long sword        |    88 |    13 |       |       ||   101
         Headbutt          |    13 |    17 |    42 |    43 ||   115
         Whip              |       |   105 |   252 |   199 ||   556
         Great sword       |       |    12 |       |       ||    12
         Punch             |       |       |       |     1 ||     1
  Throw: Javelin           |       |       |     4 |     6 ||    10
    Use: Scroll            |       |       |     7 |     4 ||    11
         Potion            |       |       |       |    10 ||    10
   Stab: Distracted        |       |       |       |     3 ||     3
 Armour: Scale mail        |    46 |    83 |    99 |       ||   228
         Chain mail        |       |       |    71 |    13 ||    84
         Plate armour      |       |       |       |   164 ||   164
  Dodge: Dodged            |    30 |    84 |    94 |    86 ||   294
  Block: Buckler           |    21 |    40 |    57 |    22 ||   140

Table legend: (Time is in decaauts)
 A = Elapsed time spent in this place.
 B = Non-inter-level travel time spent in this place.
 C = Inter-level travel time spent in this place.
 D = Time resting spent in this place.
 E = Time spent auto-exploring this place.
 F = Levels seen in this place.
 G = Mean time per level.
                   A        B        C        D        E       F      G
               +--------+--------+--------+--------+--------+-----+--------+
         Total |   8222 |   8020 |    202 |    518 |      0 |  12 |  685.2 |
       Dungeon |   7820 |   7618 |    202 |    490 |      0 |  10 |  782.0 |
        Temple |     52 |     52 |      0 |      0 |      0 |   1 |   52.0 |
       Ossuary |    348 |    348 |      0 |     28 |      0 |   1 |  348.0 |
               +--------+--------+--------+--------+--------+-----+--------+

Top non-repeatable levels by time:
     D:7: 1386 daAuts
     D:2: 1183 daAuts
     D:4: 813 daAuts
     D:8: 812 daAuts
     D:1: 798 daAuts
     D:9: 789 daAuts
     D:3: 722 daAuts
     D:6: 657 daAuts
     D:5: 597 daAuts
 Ossuary: 348 daAuts
    D:10: 59 daAuts
  Temple: 52 daAuts
